[Event "Czech Open-Rapid 2022"]
[Site "Pardubice"]
[Date "2022.07.20"]
[Round "1.41"]
[White "Kvapil, Pavel"]
[Black "Sosnik, Sebastian"]
[Result "1/2-1/2"]
[ECO "B32"]
[WhiteElo "1499"]
[BlackElo "2255"]
[Annotator "TA"]
[PlyCount "84"]
[EventDate "2022.07.20"]
[EventType "swiss"]
[EventCountry "CZE"]
[SourceTitle "playchess.com"]
[Source "ChessBase"]
[SourceQuality "1"]
[TimeControl "1200+10"]

1. e4 c5 2. Nf3 Nc6 3. d4 cxd4 4. Nxd4 e5 5. Nf3 Nf6 6. Nc3 Bb4 7. Bd3 d5 8. exd5 Nxd5 9. Bd2 Bxc3 {[%emt 0:00:31] B33: Sicilian: Pelikan and Sveshnikov Variations.} 10. Bxc3 Nxc3 11. bxc3 O-O {[%emt 0:00:11][%cal Oe5e4] Black is slightly better.} 12. O-O Bg4 13. Be4 {[%emt 0:00:38] [#]} Qa5 $146 {[%emt 0:03:14] [#]} ({Predecessor:} 13... Qc7 14. Qe2 Bh5 15. Rfd1 Bg6 16. Rd2 Bxe4 17. Qxe4 Rad8 18. Rad1 Rxd2 19. Rxd2 Rd8 {0-1 (57) Homann,C (1610)-Serrer,D (1892) Playchess.com INT 2020}) 14. Bxc6 (14. Bxh7+ $1 $11 Kh8 15. Be4) 14... bxc6 $15 15. Qd3 Rad8 16. Qe3 Rfe8 17. Rfe1 f6 18. Nd2 Qd5 19. Nb3 a5 20. f3 (20. h3 $15 Bf5 21. c4 Qxc4 22. Nxa5 Qxc2 23. Rec1) 20... Bf5 $17 21. Qe2 (21. a4 $17) 21... a4 $19 22. Rad1 Qb5 23. Rxd8 Rxd8 24. Nd2 Qc5+ ({Don't go for} 24... Bxc2 $2 25. Ne4 Bxe4 26. Qxe4 $19) 25. Kh1 Qxc3 ({Wrong is} 25... Bxc2 $2 26. Qc4+ Qd5 27. h3 $19) 26. Ne4 Bxe4 27. Qxe4 {[%emt 0:00:13][%mdl 4096] Endgame KQR-KQR} Rd4 28. Qe2 Rd2 29. Qa6 Rd8 (29... Qxc2 $142 30. Qa8+ Kf7) 30. Qe2 Qd2 $2 ({Don't blunder} 30... Rd2 $2 31. Qa6 Qxc2 32. Qc8+ Kf7 33. a3 $19) (30... Rd4 $19 {...Rd2 is the strong threat.} 31. Rd1 Qc4 32. Qxc4+ Rxc4) 31. Qc4+ $1 $15 Kh8 (31... Kf8 {feels hotter.} 32. Rg1 a3 33. Qxc6 Qd5) 32. Rg1 h6 33. Qxc6 a3 34. h3 Qf4 35. Qc5 Rd2 36. Qxa3 Rxc2 37. Qa8+ Kh7 38. a4 (38. Ra1 $11) 38... Rc1 ({Better is} 38... Ra2 $1 $15) 39. Rxc1 $11 {[%emt 0:00:06] The position is equal.} Qxc1+ 40. Kh2 Qf4+ 41. Kg1 {[%emt 0:00:11] [#] Black must now prevent Qe4+.} Qc1+ 42. Kh2 Qf4+ {[%emt 0:00:02] Black had all chances to win.  Weighted Error Value: White=0.20 (precise) /Black=0.26 (precise)} 1/2-1/2

[Event "Czech Open-Rapid 2022"]
[Site "Pardubice"]
[Date "2022.07.20"]
[Round "1.43"]
[White "Macek, Jaroslav"]
[Black "Zdrazil, Tomas"]
[Result "0-1"]
[ECO "E92"]
[WhiteElo "1745"]
[BlackElo "2122"]
[Annotator "TA"]
[PlyCount "64"]
[EventDate "2022.07.20"]
[EventType "swiss"]
[EventCountry "CZE"]
[SourceTitle "playchess.com"]
[Source "ChessBase"]
[SourceQuality "1"]
[TimeControl "1200+10"]

1. d4 Nf6 2. c4 g6 3. Nc3 Bg7 4. Nf3 O-O 5. e4 d6 6. Be2 e5 7. d5 a5 8. O-O Na6 9. a3 Bd7 {[%emt 0:01:16] E92: King's Indian: Classical: 6 Be2 e5: 7 dxe5, 7 Be3 and Petrosian System without 7...Nbd7.} 10. Bg5 h6 11. Bxf6 Qxf6 {[%emt 0:01:06] The position is equal.} 12. Rb1 {[%emt 0:00:57] [#]} Qe7 $146 ({Predecessor:} 12... Nc5 13. b4 axb4 14. axb4 Na4 15. Nxa4 Bxa4 16. Qd2 Bd7 17. Ra1 Qe7 18. Qb2 f5 {0-1 (37) Ardila,O (2017)-Popadic,D (2157) Chess.com INT 2020}) 13. Qd2 a4 14. b4 (14. Bd3 $11) 14... axb3 $1 $17 15. Rxb3 (15. Ne1 $15) 15... Nc5 16. Rbb1 Rxa3 17. Qc2 Rfa8 18. Nb5 $2 {[%emt 0:01:23] [#]} (18. Nd2 $17) 18... Bxb5 19. Rxb5 b6 (19... Ra2 $19 20. Rb2 Rxb2 21. Qxb2 Nxe4 22. Qxb7 Ra2) 20. Nd2 h5 {[%emt 0:01:44] Black is more active.} 21. Rfb1 $2 {[%emt 0:01:19] Now White is beyond hope.} (21. Rb2 $17) 21... Bh6 $19 {[%emt 0:00:14] Hoping for ...Bxd2.} 22. Nb3 Ra2 23. Rb2 Rxb2 24. Qxb2 Nxe4 25. Bf3 Ng5 26. Be2 Bg7 27. Qc2 Ra7 28. Nd2 f5 29. Nf3 Nxf3+ 30. Bxf3 e4 31. Be2 Bd4 32. Kf1 $2 {[%emt 0:01:15] [#]} (32. Rb1 $19) 32... Qh4 {[%emt 0:00:13] Weighted Error Value: White=0.79/Black=0.24 (precise)} 0-1

[Event "Czech Open-Rapid 2022"]
[Site "Pardubice"]
[Date "2022.07.20"]
[Round "1.44"]
[White "Bertram, Karsten"]
[Black "Jilma, Petr"]
[Result "1-0"]
[ECO "D00"]
[WhiteElo "2062"]
[BlackElo "1413"]
[Annotator "TA"]
[PlyCount "57"]
[EventDate "2022.07.20"]
[EventType "swiss"]
[EventCountry "CZE"]
[SourceTitle "playchess.com"]
[Source "ChessBase"]
[SourceQuality "1"]
[TimeControl "1200+10"]

1. d4 d5 2. Nc3 c6 3. Bf4 e6 4. e3 Nf6 5. Bd3 Be7 6. Nf3 {[%emt 0:00:04] D00: 1 d4 d5: Unusual lines.} Nbd7 7. Ne5 O-O 8. g4 {[%emt 0:00:04] The position is equal.} Nxe5 9. dxe5 (9. Bxe5 $11 h6 10. a3) 9... Nd7 $17 {[%emt 0:00:16] [#]} 10. Qf3 $146 ({Predecessor:} 10. h4 f6 11. exf6 Bxf6 12. g5 Bxc3+ 13. bxc3 Qe8 14. Bd6 e5 15. Bxf8 Nxf8 16. Rb1 {0-1 (27) Agnaieff,V (1830)-Chevalier,F (1768) Laval 2016}) 10... f6 11. Qh3 g6 $1 12. exf6 Nxf6 13. Qg3 {[%emt 0:00:10] [#]} (13. Bh6 $15) 13... Ne8 $2 (13... Nxg4 $1 $17 {[%cal Oe6e5][%mdl 512] stays on course. aiming for ...e5!} 14. Bc7 (14. Qxg4 e5 $17) 14... Bh4 15. Bxd8 Bxg3 16. hxg3 Rxd8) 14. Be5 $2 {[%emt 0:00:21] White is more active.} (14. h4 $1 $16 {keeps the pressure on.}) 14... Bd6 $2 (14... Bh4 $17 15. Qh3 Bxf2+ 16. Ke2 Qh4 17. Qxh4 Bxh4) 15. f4 (15. h4 {is more complex.} b5 16. g5 Bxe5 17. Qxe5 Ng7 18. Ne2) 15... Bxe5 16. fxe5 Qb6 (16... c5 $11 {keeps the balance.}) 17. O-O-O $16 Bd7 18. Ne2 ({Better is} 18. h4) 18... c5 19. Nf4 Nc7 $2 (19... c4 $16 20. Bxc4 Qc7) 20. Rhe1 $2 (20. Qh4 $18 {[%cal Od3g6] White threatens Bxg6! and mate.} Rxf4 21. exf4) 20... Rac8 $2 {[%emt 0:00:45][%mdl 8192] [#]} (20... Na6 $11) 21. Rg1 $2 (21. Bxg6 $1 $18 hxg6 22. Nxg6) 21... Bc6 $2 {[%emt 0:00:52][%mdl 8192] [#]} (21... c4 $1 $11 {and Black stays safe.} 22. Bxg6 (22. Bxc4 Ba4 $11) 22... hxg6 23. Nxg6 c3 24. bxc3 Nb5) 22. Nh5 $2 c4 $15 23. Bxc4 dxc4 $19 24. Nf6+ Rxf6 25. exf6 {[%emt 0:00:12] [#]} Nd5 ({Black should try} 25... c3 $1 26. bxc3 Be8) 26. Qd6 (26. f7+ $17 {might work better.} Kxf7 27. e4) 26... Qxe3+ $2 (26... Re8 $19 {Hoping for ...c3.} 27. Qe5 Qxe3+ 28. Qxe3 Nxe3) 27. Kb1 $15 Nxf6 $2 (27... Rf8 $1 $15 {keeps the upper hand.} 28. g5 Be8) 28. Rge1 $18 {[%emt 0:00:08][%mdl 64] Deflection} Qh6 (28... Ne8 29. Qe7 (29. Rxe3 Nxd6 30. Rxd6 Bd5 $16) 29... Rc7 30. Qxe8+ (30. Rxe3 $2 {too greedy.} Rxe7 31. Rd4 Rf7 $19) (30. Qxc7 Qxe1 31. Qxh7+ Kxh7 $17) 30... Bxe8 31. Rxe3 Kf7) 29. Qxe6+ {[%emt 0:00:06] Weighted Error Value: White=1.43/Black=1.25} 1-0

[Event "Czech Open-Rapid 2022"]
[Site "Pardubice"]
[Date "2022.07.20"]
[Round "2.1"]
[White "Korobov, Anton"]
[Black "Michelle Catherina, P."]
[Result "1-0"]
[ECO "E32"]
[WhiteElo "2692"]
[BlackElo "2141"]
[Annotator "TA"]
[PlyCount "67"]
[EventDate "2022.07.20"]
[EventType "swiss"]
[EventCountry "CZE"]
[SourceTitle "playchess.com"]
[Source "ChessBase"]
[SourceQuality "1"]
[TimeControl "1200+10"]

1. d4 Nf6 2. c4 e6 3. Nc3 Bb4 4. Qc2 O-O 5. Bg5 d5 6. e3 h6 {[%emt 0:00:59] E32: Nimzo-Indian: Classical (4 Qc2): 4...0-0.} 7. Bh4 c5 8. Rd1 $5 {[%emt 0:00:03][%mdl 4] Exploring less charted territory.} cxd4 {[%emt 0:01:03] The position is equal.} (8... g5 $5 9. Bg3 cxd4 10. exd4 Nc6 $11) 9. exd4 Nc6 10. Nf3 g5 11. Bg3 Ne4 $1 12. Bd3 Qa5 {[%emt 0:02:23][%csl LRa2,LRc3][%cal Rb4c3] [#]} 13. O-O $146 ({Predecessor:} 13. Bxe4 dxe4 14. Ne5 Nxe5 15. Bxe5 f6 16. Bg3 Qxa2 17. O-O Qxc4 18. Qxe4 f5 19. Qc2 {0-1 (33) Sorgjerd,J-Lorentzen,O Norway 1998}) 13... Nxg3 ({Black should try} 13... Bxc3 $11 14. bxc3 Nxc3) 14. fxg3 $14 dxc4 15. Bxc4 Bd7 16. Kh1 {[%emt 0:00:21] d5 is the strong threat. White is more active.} Rac8 17. d5 Bxc3 18. bxc3 {[%emt 0:00:39] aiming for dxe6.} (18. Qxc3 $6 Qxc3 19. bxc3 exd5 $11) 18... Nd8 {[%emt 0:00:40][%mdl 8192] [#]} (18... Ne7 $16 19. dxe6 Bxe6 20. Bxe6 fxe6) 19. Rd4 $2 (19. Ne5 Ba4 20. Qd3 (20. Bb3 Bxb3 21. axb3 Qxc3 $18) 20... Rxc4 21. Nxc4 Qxd5 $18) (19. Nxg5 $1 $18 {[%mdl 512] and the rest is easy.} hxg5 20. Qd2) 19... Rxc4 20. Rxc4 {[%emt 0:00:03][%cal Of3g5] Strongly threatening Nxg5!} Bb5 {[%emt 0:00:03] [#]} (20... exd5 $16 21. Rb4 Qa6) 21. Nxg5 $1 $18 ({Not} 21. Rc5 b6 22. Rxb5 Qxb5 $14) 21... hxg5 $2 {[%emt 0:02:00] [#]} (21... f5 22. Rg4 h5) 22. Rg4 $1 Bxf1 (22... Re8 23. Rxg5+) 23. Rxg5+ Kh8 24. Qe4 (24. Rh5+ $142 Kg7 25. Qh7+ Kf6 26. Qh6+ Ke7 27. d6+ Kd7 28. Rxa5) 24... Bd3 (24... Bxg2+ $18 25. Kxg2 Qxd5 26. Rxd5 exd5 27. Qxd5 Kh7 28. Qe4+ Kg8) 25. Qxd3 (25. Qh4+ $142 Bh7 26. Qh6 Qxc3 27. Qxf8+ Bg8 28. Qxg8#) 25... Qa4 26. c4 (26. Qf3 $142 Qd1+ 27. Qxd1 exd5 28. Qh5#) 26... e5 27. h3 $2 (27. Qf3 {mates} Qd1+ 28. Qxd1 Kh7 29. Qh5#) 27... f5 $16 28. g4 $40 {[%emt 0:01:51][%mdl 128] White is up to no good.} ({Don't play} 28. Rxf5 Rxf5 29. Qxf5 Qe8 $14) (28. Qf3 $16 Qe8 29. g4 (29. Rxf5 Rxf5 30. Qxf5 e4 $11)) 28... b5 $2 (28... Rf6 $11) 29. Qg3 {[%emt 0:00:22][%cal Rg3h4] White mates.} Rf7 30. Qxe5+ Kh7 31. Rh5+ Kg6 32. Qf4 Qd1+ 33. Kh2 Rg7 34. Qxf5# {[%emt 0:00:07] Weighted Error Value: White=0.94/Black=1.13} 1-0

[Event "Czech Open-Rapid 2022"]
[Site "Pardubice"]
[Date "2022.07.20"]
[Round "2.2"]
[White "Jun, Rudolf"]
[Black "Donchenko, Alexander"]
[Result "0-1"]
[ECO "B13"]
[WhiteElo "2134"]
[BlackElo "2640"]
[Annotator "TA"]
[PlyCount "96"]
[EventDate "2022.07.20"]
[EventType "swiss"]
[EventCountry "CZE"]
[SourceTitle "playchess.com"]
[Source "ChessBase"]
[SourceQuality "1"]
[TimeControl "1200+10"]

1. e4 c6 2. d4 d5 3. exd5 cxd5 4. Nf3 Nc6 5. c3 Bf5 6. Bd3 {[%emt 0:00:09] B13: Caro-Kann: Exchange Variation and Panov-Botvinnik Attack.} Bg6 7. O-O e6 8. Bf4 {[%emt 0:00:15] The position is equal.} Nf6 9. Ne5 Nxe5 10. Bxe5 {[%emt 0:00:13] [#]} a6 $146 ({Predecessor:} 10... Bxd3 11. Qxd3 Be7 12. Nd2 O-O 13. Qb5 Qd7 14. a4 a6 15. Qb3 Rac8 16. h3 Rc6 17. Bxf6 Bxf6 {1-0 (73) Skrzypczynski,K (1793)-Reza,W (2247) Warsaw 2022}) 11. h3 Be7 12. Na3 Bxa3 13. Bxg6 Bxb2 14. Rb1 (14. Bxf7+ $11 Kxf7 15. Rb1) 14... hxg6 $15 (14... Bxc3 $2 15. Bxf7+ Kxf7 16. Rxb7+ Kg8 17. Qd3 $18) 15. Rxb2 Qd7 16. Qb3 (16. Qf3 $11 {keeps the balance.}) 16... b5 $17 17. a4 {[%emt 0:01:43] [#]} O-O $1 ({But not} 17... bxa4 18. Qa3 Rd8 19. Rfb1 $16) 18. axb5 axb5 19. Bxf6 ({Better is} 19. Rfb1) 19... gxf6 20. Qxb5 Qc7 (20... Qxb5 $17 21. Rxb5 Rfc8) 21. Qd3 Rfc8 22. Rc1 Ra3 23. Rbc2 Kg7 (23... Qf4 $5 24. g3 Qh6 $15) 24. Qf3 Qc4 25. h4 Qa4 {[%emt 0:01:34] Black is more active.} (25... Rh8 $5 26. Qf4 e5 $15) 26. h5 (26. Qe3 $15) 26... g5 (26... Rh8 $17 27. g4 Qxd4 28. hxg6 Kxg6 29. Qf5+ exf5 30. gxf5+ Kxf5 31. cxd4 Rd3) 27. Qd3 ({Of course not} 27. h6+ Kg6 28. Qe3 Ra1 $17) ({White should try} 27. g4 $11) 27... Ra2 28. Rxa2 Qxa2 $11 {[%emt 0:00:02][%mdl 4096] Endgame KQR-KQR} 29. f4 $2 (29. g4 $11) 29... Qb2 30. Qe3 {[%emt 0:02:02] [#]} g4 (30... gxf4 $1 $19 31. Qxf4 f5) 31. f5 $1 $15 exf5 (31... e5 $1 $15 32. dxe5 d4) 32. Rf1 $1 $11 Qc2 $36 {[%emt 0:04:16][%mdl 2048] Black is pushing.} 33. Rf2 $2 {[%emt 0:02:06][%mdl 8192] White is now going downhill.} (33. Qf4 $1 $11 {and White stays safe.}) 33... Rxc3 34. h6+ $2 (34. Rxc2 Rxe3 35. Rc5) 34... Kg6 $19 {[%emt 0:00:08] ( -> ...Qd1+)} 35. Rxc2 Rxe3 {[%emt 0:00:02] KR-KR} 36. Rc5 Kxh6 37. Rxd5 Kg6 38. Kf2 f4 {[%emt 0:00:03] ...Rd3 is the strong threat.} 39. Rd8 Kf5 40. d5 Rd3 41. Ke2 f3+ 42. gxf3 Rxf3 43. Rd7 Ke5 44. d6 Ke6 45. Rd8 f5 46. d7 Ke7 47. Rf8 Kxd7 48. Rxf7+ Ke6 {[%emt 0:00:02] Weighted Error Value: White=1.07/Black=0.34} 0-1

[Event "Czech Open-Rapid 2022"]
[Site "Pardubice"]
[Date "2022.07.20"]
[Round "2.3"]
[White "Harsha Bharathakoti"]
[Black "Jares, Michal"]
[Result "1-0"]
[ECO "A25"]
[WhiteElo "2547"]
[BlackElo "2208"]
[Annotator "TA"]
[PlyCount "97"]
[EventDate "2022.07.20"]
[EventType "swiss"]
[EventCountry "CZE"]
[SourceTitle "playchess.com"]
[Source "ChessBase"]
[SourceQuality "1"]
[TimeControl "1200+10"]

1. c4 e5 2. g3 Nc6 3. Bg2 g6 4. Nc3 Bg7 5. e3 d6 6. Nge2 Nge7 7. b3 {[%emt 0:03:21] A25: English Opening vs King's Indian with ...Nc6 but without early d3.} O-O 8. Bb2 Be6 9. O-O {[%emt 0:01:02] The position is equal.} d5 10. d3 Qd7 11. cxd5 Nxd5 12. Ne4 Qe7 {[%emt 0:01:54] Against Nc5} 13. Rc1 Rad8 14. a3 {[%emt 0:00:29] [#] Inhibits Ndb4.} Nb6 $146 ({Predecessor:} 14... a5 15. Qc2 Bc8 16. Rfe1 Kh8 17. Nc5 f5 18. Qc4 Qd6 19. Qb5 b6 20. Ne4 fxe4 21. Rxc6 {1-0 (32) Zak,U (2353)-Peker,O (2404) Israel 2002}) 15. Nc5 Bc8 {[%emt 0:00:04] White stays focused until the end.} 16. b4 Qd6 17. Qc2 a6 18. Rfd1 {[%emt 0:00:23] White is more active.} h5 (18... Nd5 $16 19. Nxa6 Nd4 20. exd4 bxa6) 19. h4 Nd5 20. Nxa6 Nf6 (20... Nd4 $142 21. exd4 bxa6) 21. Nc5 $18 ({Don't take} 21. Bxc6 $6 bxc6 22. Nc5 Qe7 $16) 21... Ng4 22. Nc3 Bh6 23. Re1 f5 24. Nb5 Qf6 25. Nxb7 Bxb7 26. Bxc6 {[%emt 0:00:01] Really sharp!} Ba6 {[%emt 0:00:05] [#]} (26... Bxc6 27. Qxc6 Qxc6 28. Rxc6 Rxd3) 27. Nxc7 Bxd3 28. Qb3+ Kh7 29. Nd5 Rxd5 30. Bxd5 Be4 31. Rc7+ Kh8 32. Rc6 Qd8 33. Rd1 Qe8 34. Re6 Qb5 35. Bc4 Qb7 36. Bxe5+ Nxe5 37. Rxe5 Bf3 38. Rd2 Bh1 39. Bd5 Qc7 40. Re6 Qc1+ 41. Rd1 Bxd5 42. Qxd5 Qc2 43. Rxg6 {[%emt 0:00:05] White mates.} Bg7 44. Rg5 Qe2 45. Rd2 Qe1+ 46. Kg2 Kh7 47. Rxh5+ Kg6 48. Rg5+ Kh7 49. Qd7 {Weighted Error Value: White=0.22 (precise) /Black=0.46} 1-0

[Event "Czech Open-Rapid 2022"]
[Site "Pardubice"]
[Date "2022.07.20"]
[Round "2.4"]
[White "Ret, Adam Josef"]
[Black "Babula, Vlastimil sr"]
[Result "0-1"]
[ECO "A46"]
[WhiteElo "2023"]
[BlackElo "2556"]
[Annotator "TA"]
[PlyCount "106"]
[EventDate "2022.07.20"]
[EventType "swiss"]
[EventCountry "CZE"]
[SourceTitle "playchess.com"]
[Source "ChessBase"]
[SourceQuality "1"]
[TimeControl "1200+10"]

1. d4 Nf6 2. Nf3 d6 3. e3 g6 4. b3 Bg7 5. Bb2 O-O 6. Be2 e6 7. O-O b6 8. c4 Bb7 9. Nc3 Nbd7 10. Qc2 {[%emt 0:00:02] [#] E61: King's Indian: Early deviations for White, including Smyslov System.} Nh5 $146 ({Predecessor:} 10... c5 11. Rad1 Qe7 12. Rfe1 a6 13. e4 cxd4 14. Nxd4 Rfd8 15. Bf1 Nc5 16. g3 Rac8 17. Bg2 h5 {1-0 (38) Nakamura,H (2736)-Vachier Lagrave,M (2784) Chess.com INT 2020}) 11. Nd2 f5 12. f4 {[%emt 0:00:28] White is slightly better.} Nhf6 13. Bf3 c6 14. g3 e5 15. d5 (15. b4 $11) 15... cxd5 $17 16. Nxd5 Nxd5 17. Bxd5+ Bxd5 18. cxd5 Rc8 19. Qd1 b5 20. Nf3 Qb6 21. Re1 {[%emt 0:01:52] Black keeps a firm grip on the game.} Rfe8 22. Kh1 (22. Qd2 $15) 22... Nf6 23. b4 (23. fxe5 $17 {is a better defense.} dxe5 24. Bxe5) 23... exf4 $19 24. exf4 Ne4 {[%emt 0:00:18] [#] Hoping for ...Nf2+.} 25. Bd4 Nf2+ 26. Bxf2 Qxf2 27. Rxe8+ Rxe8 28. Qf1 {[%emt 0:00:27] Prevents Re1.} Re2 29. Rc1 Qxf1+ ({Resist} 29... Rxa2 30. Rc8+ Bf8 31. Qxf2 Rxf2 32. Ng5 $18 (32. Nd4 Kf7 $16)) 30. Rxf1 Rxa2 {[%emt 0:00:03][%mdl 4096] Endgame KRB-KRN} 31. Rc1 Ra1 32. Rxa1 Bxa1 {[%emt 0:00:02] KB-KN} 33. Ne1 Kf7 34. Kg2 Ke7 35. Kf3 Kd7 36. Ke3 Kc7 37. Kd3 Kb6 38. Nf3 Bf6 39. Nd2 a5 40. Nb3 a4 ({Don't blunder} 40... axb4 $2 41. Kc2 $19) 41. Nc1 g5 {[%emt 0:00:14] White must now prevent ...h5.} 42. Ke3 $2 (42. Kc2) 42... Kc7 $2 (42... gxf4+ 43. gxf4 Bc3) 43. Kf3 $2 (43. Kd3) 43... Kd7 {[%emt 0:00:21] Black is clearly winning.} 44. Na2 Ke7 {[%emt 0:00:17] [#] Threatens to win with ...Kf7.} 45. h3 Kf7 46. fxg5 Bxg5 47. Nc3 a3 48. h4 Bd2 49. Na2 h5 50. Ke2 Bh6 51. Kd3 Bg7 {[%emt 0:00:21] And now ...Be5 would win.} 52. Kc2 Be5 {[%emt 0:00:08] Strongly threatening ...Bb2.} 53. Kb3 Bb2 {[%emt 0:00:41] Weighted Error Value: White=0.77/Black=0.28 (precise)} 0-1

[Event "Czech Open-Rapid 2022"]
[Site "Pardubice"]
[Date "2022.07.20"]
[Round "2.5"]
[White "Plat, Vojtech"]
[Black "Bares, Jachym"]
[Result "1-0"]
[ECO "C63"]
[WhiteElo "2554"]
[BlackElo "2129"]
[Annotator "TA"]
[PlyCount "77"]
[EventDate "2022.07.20"]
[EventType "swiss"]
[EventCountry "CZE"]
[SourceTitle "playchess.com"]
[Source "ChessBase"]
[SourceQuality "1"]
[TimeControl "1200+10"]

1. e4 e5 2. Nf3 Nc6 3. Bb5 f5 4. Nc3 fxe4 5. Nxe4 Nf6 6. Qe2 d5 7. Nxf6+ gxf6 8. d4 Bg7 9. dxe5 O-O 10. e6 Re8 {[%emt 0:00:01] is now debated instead of 10...Ne5.} 11. O-O {[%emt 0:00:06] White is more active.} (11. Bxc6 $6 bxc6 12. Be3 (12. Nd4 Qe7 $11) 12... Bxe6 $11) 11... Rxe6 {[%emt 0:00:45] C63: Ruy Lopez: Schliemann/Jaenisch Defence.} 12. Qd1 Ne5 {[%emt 0:00:58] [#]} 13. Be2 $146 (13. c4 $5) ({Predecessor:} 13. c3 Rb6 14. Be2 Bg4 15. Nd4 Bd7 16. Nb3 Ba4 17. Be3 Rd6 18. Qd4 Be8 19. Qh4 {1-0 (29) Pierrot,J (2397)-Gaztanaga,P (2042) Caba 2018}) 13... b6 {[%emt 0:01:24] White is slightly better.} 14. Bf4 Bb7 15. Nd4 Re8 16. Bh5 Ng6 17. Bg3 c5 ({Black should play} 17... Qd7 $1 $14) 18. Nf5 $18 d4 (18... Bc6 $16 19. Qg4 Re4) 19. Nd6 Re7 20. Nxb7 Rxb7 21. Bf3 {[%emt 0:00:01] This bishop pair is nice.} Rd7 22. Bxa8 Qxa8 23. Qg4 Qd5 24. Rfe1 Kf7 $2 {[%emt 0:00:12] [#] Prevents Re8. Loses the game.} (24... f5 $16 25. Qg5 Qf7) 25. c4 (25. Qe2 $6 Rd8 26. Rad1 Kg8 $18) 25... Qc6 26. Qh5 ({Not} 26. Qe2 Rd8 27. Rad1 Kg8 $18) 26... Rd8 27. Re2 ({But not} 27. Qxh7 $2 Rh8 28. Qxh8 Nxh8 $19) 27... d3 28. Re3 d2 29. Rd1 Qa4 30. b3 Qxa2 31. Qf5 {[%emt 0:00:28] Prevents Qc2.} ({Avoid the trap} 31. Qxh7 $2 Rh8 32. Re7+ Nxe7 $19) (31. f4 $142) 31... Bf8 $2 (31... Bh6) 32. h4 {[%emt 0:01:14] White is clearly winning.} Bh6 33. Re6 Bg7 34. Rd6 Rxd6 35. Bxd6 {[%emt 0:00:02] [#] Intending Qd7+ and mate.} Ne7 36. Qe4 Bf8 37. Qxh7+ Ke6 38. Bxe7 Bxe7 39. Qe4+ {[%emt 0:00:01] Weighted Error Value: White=0.23 (precise) /Black=0.45} 1-0

[Event "Czech Open-Rapid 2022"]
[Site "Pardubice"]
[Date "2022.07.20"]
[Round "2.6"]
[White "Malinovsky, Petr"]
[Black "Stocek, Jiri"]
[Result "0-1"]
[ECO "A58"]
[WhiteElo "1959"]
[BlackElo "2548"]
[Annotator "TA"]
[PlyCount "70"]
[EventDate "2022.07.20"]
[EventType "swiss"]
[EventCountry "CZE"]
[SourceTitle "playchess.com"]
[Source "ChessBase"]
[SourceQuality "1"]
[TimeControl "1200+10"]

1. d4 Nf6 2. c4 c5 3. d5 b5 4. cxb5 a6 5. bxa6 g6 6. Nc3 {[%emt 0:00:02] A58: Benko/Volga Gambit: Lines with 5 bxa6.} Bg7 7. e4 O-O 8. Nf3 {[%emt 0:00:17] White is slightly better.} Qa5 9. Bd2 Bxa6 10. Bxa6 Qxa6 11. Qe2 e6 {[%emt 0:00:14] 11...d6 injects fresh life into this line.} 12. Qxa6 Nxa6 13. O-O Rfb8 14. Rab1 Nb4 {[%emt 0:00:41][%mdl 1024] Black has compensation.} 15. Bf4 Rb7 {[%emt 0:00:10] [#]} 16. a3 $146 (16. dxe6 $11 {keeps the balance.} fxe6 17. Be3) ({Predecessor:} 16. Bd6 Nxa2 17. dxe6 dxe6 18. e5 Nxc3 19. bxc3 Rxb1 20. Rxb1 Ne4 21. c4 Nc3 22. Rb8+ Rxb8 23. Bxb8 {1-0 (61) Atakhan,A (2357)-Bettalli,F (2317) Chess.com INT 2022}) 16... Nd3 $17 17. Bc1 Ng4 {[%emt 0:01:15][%cal Bf6g4,Bg4f2,Bf2e4,Be4c3,Bc3d5][%mdl 32] And now ...Bxc3 would win.} 18. h3 {[%emt 0:03:05] [#]} (18. Bd2 $17) 18... Ngxf2 $1 $19 19. Be3 Bxc3 {[%emt 0:01:02] Black is much more active.} ({Not} 19... Rxb2 20. Rxb2 Nxb2 21. Bxf2 $17) 20. bxc3 Rxb1 21. Rxb1 Nxe4 22. dxe6 dxe6 ({Stronger than} 22... fxe6 23. Rb7 $17) 23. Rb7 Nxc3 {[%emt 0:01:09] Pair of Knights!} 24. Ng5 (24. Bh6 {might work better.}) 24... Rf8 ({Weaker is} 24... Rxa3 25. Nxf7 Ne4 26. Nd8 $17) 25. Rd7 (25. Bd2 $142 Nd5 26. Ne4) 25... Nd5 26. Bd2 Ne5 27. Rb7 c4 28. Ne4 {[%emt 0:00:02] Inhibits c3.} h5 {[%emt 0:01:40] Strongly threatening ...Ra8.} 29. a4 Rc8 {[%emt 0:00:16] Threatens to win with ...c3.} 30. Nc3 {[%emt 0:00:22] [#]} Nc6 (30... Nd3 $1 $19 {[%cal Rd3c5] aiming for ...Nc5.} 31. a5 Nc5) 31. Nb5 $2 {[%emt 0:00:46] Loses the game.} (31. a5 $17 {was necessary.}) 31... Ra8 32. Nd6 $2 (32. Nc3 {was the only defense.}) 32... c3 {[%emt 0:00:14] Black is clearly winning.} 33. Bg5 Ne5 {[%emt 0:00:45] White must now prevent ...f6.} 34. Ne4 c2 35. Rb2 Rxa4 {[%emt 0:00:22] Weighted Error Value: White=0.46/Black=0.18 (very precise)} 0-1